 Dungeon Crawl Stone Soup version 0.17.2-1-ge4368a0 (webtiles) character file.

2270 magog001 the Covert (level 9, -5/62 HPs)
             Began as a Vampire Assassin on Nov 7, 2016.
             Slain by a killer bee (8 damage)
             ... on level 6 of the Dungeon.
             The game lasted 01:06:40 (8782 turns).

magog001 the Covert (Vampire Assassin)              Turns: 8782, Time: 01:06:41

Health: -5/62      AC:  6    Str: 10    XL:     9   Next: 16%
Magic:  13/13      EV: 18    Int: 14    God:
Gold:   363        SH:  0    Dex: 18    Spells: 0 memorised, 8 levels left

rFire  + + .     SeeInvis +     a - +3 dagger
rCold  + . .     Clarity  .     x - +2 robe {rF+}
rNeg   + . .     SustAt   .     (no shield)
rPois  +         Gourm    .     u - +0 Maxwell's etheric cage {RegenMP *Contam rElec MP+4}
rElec  +         Spirit   .     d - +0 cloak
rCorr  +         Warding  .     (no gloves)
rMut   .         Rnd*Tele +     (no boots)
MR     .....                    (no amulet)
Stlth  +++++.....               q - ring of teleportation (curse)
                                h - ring of poison resistance

@: resistant, very slightly contaminated, not resistant to hostile enchantments,
quite stealthy
A: fangs 3, see invisible, unbreathing
a: Bat Form, Evoke Teleportation


You were on level 6 of the Dungeon.
You were not thirsty.

You visited 1 branch of the dungeon, and saw 7 of its levels.

You collected 363 gold pieces.

Inventory:

Hand Weapons
 a - a +3 dagger (weapon)
 b - a +0 blowgun
 i - a +0 scythe
 o - a +0 shortbow
 C - a +1 hand axe of chopping
Missiles
 e - 9 poisoned needles
 k - 67 arrows
 y - 2 tomahawks (quivered)
 z - 20 arrows of dispersal
 D - 18 bolts
Armour
 d - a +0 cloak (worn)
 m - a +1 chain mail of cold resistance
 u - the +0 Maxwell's etheric cage (worn) {RegenMP *Contam rElec MP+4}
   (You took it off Robin on level 3 of the Dungeon)

   It insulates you from electricity.
   It affects your magic capacity (+4).
   It causes magical contamination when unequipped.
 x - a +2 robe of fire resistance (worn)
Jewellery
 h - a ring of poison resistance (left hand)
 q - a cursed ring of teleportation (right hand)
Scrolls
 p - 3 scrolls of teleportation
 v - 3 scrolls of identify
 B - 2 scrolls of random uselessness
Potions
 f - a potion of ambrosia
 g - 11 potions of blood
 t - a potion of brilliance
 F - a potion of haste
 H - a potion of heal wounds {unknown}
 I - a potion of magic


   Skills:
 + Level 2.8 Fighting
 * Level 3.3 Short Blades
 * Level 7.0 Throwing
 * Level 7.4 Dodging
 * Level 9.7 Stealth


You had 8 spell levels left.
You didn't know any spells.

Dungeon Overview and Level Annotations

Branches:
Dungeon (7/15)
 Temple: D:4-7

Altars:
Sif Muna
Zin
The Shining One

Shops:
D:5 (

Annotations:
D:7 exclusion: ice statue


Innate Abilities, Weirdness & Mutations

You have razor-sharp teeth.
You have supernaturally acute eyesight.
You can survive without breathing.


Message History

The killer bee barely misses you. The killer bee barely misses you.
The killer bee completely misses you. The killer bee barely misses you.
The killer bee stings you but does no damage.
The killer bee completely misses you. The killer bee barely misses you.
The killer bee misses you. The killer bee closely misses you.
The killer bee barely misses you. The killer bee barely misses you.
There is a stone staircase leading up here.
The killer bee misses you. The jackal closely misses you.
The killer bee stings you.
* * * LOW HITPOINT WARNING * * *
You climb upwards.
There is a stone staircase leading down here.
The killer bee barely misses you. The killer bee closely misses you.
The jackal misses you. The killer bee stings you!
You die...

#....# ######...##
#<...####...).....#
#....'..........(.###
#....###..........##.
#....#...#.......###.
####....#.#.........# #.
#.......#.#.........# #.
#.####h.[.##........###.
#....>y@[.............'.
#####'###....#####.####.
#...####..#####.####.
#...####........#<.#.
#......+.......).)...
#.....##.#....####...
##....#..#....##.....
#......###...##.##..
####.....##.##..##.##.%


You could see a killer bee and a jackal.

Vanquished Creatures
  Sigmund (D:5)
  Menkaure (D:5)
  An orc warrior (D:6)
  Purgy (D:4)
  3 ogres
  A sky beast (D:4)
  A centaur (D:5)
  A brain worm (D:6)
  A giant frog (D:6)
  A wyvern zombie (D:7)
  A scorpion (D:4)
  A killer bee (D:7)
  A centaur zombie (D:5)
  2 giant frog zombies
  3 crimson imps
  A giant frog skeleton (D:4)
  A jelly (D:7)
  6 orc wizards
  4 orc priests
  Ijyb (D:2)
  2 hounds
  Jessica (D:2)
  An iguana (D:4)
  4 worker ants
  Robin (D:3)
  7 adders
  8 gnolls
  An adder skeleton (D:6)
  4 worms
  2 giant geckos
  25 orcs
  3 ball pythons
  7 bats
  9 giant cockroaches
  8 hobgoblins
  14 jackals
  6 kobolds
  A giant gecko skeleton (D:5)
  2 giant newts (D:3)
  17 goblins
  A jackal skeleton (D:6)
  4 quokkas
  9 rats
170 creatures vanquished.

Vanquished Creatures (others)
  An orc wizard (D:6)
1 creature vanquished.

Grand Total: 171 creatures vanquished

Notes
Turn   | Place    | Note
--------------------------------------------------------------
     0 | D:1      | magog001 the Vampire Assassin began the quest for the Orb.
     0 | D:1      | Reached XP level 1. HP: 16/16 MP: 1/1
    54 | D:1      | Reached skill level 6 in Stealth
   253 | D:1      | Reached XP level 2. HP: 22/22 MP: 2/2
   598 | D:2      | Reached XP level 3. HP: 3/27 MP: 3/3
  1082 | D:2      | Noticed Robin
  1295 | D:2      | Noticed Ijyb
  1318 | D:2      | Killed Ijyb
  1318 | D:2      | Reached skill level 7 in Stealth
  1318 | D:2      | Reached XP level 4. HP: 28/33 MP: 4/4
  1687 | D:2      | Noticed Jessica
  1692 | D:2      | Killed Jessica
  1915 | D:3      | Killed Robin
  1915 | D:3      | Reached XP level 5. HP: 24/38 MP: 5/5
  3515 | D:4      | Noticed Purgy
  3536 | D:4      | Killed Purgy
  3536 | D:4      | Reached XP level 6. HP: 24/44 MP: 6/6
  3659 | D:4      | Reached skill level 8 in Stealth
  4205 | D:4      | Found a glowing silver altar of Zin.
  4205 | D:4      | Noticed an angel
  4340 | D:5      | Entered Level 5 of the Dungeon
  4373 | D:4      | Reached XP level 7. HP: 34/50 MP: 7/7
  5045 | D:5      | Noticed Sigmund
  5053 | D:5      | Killed Sigmund
  5053 | D:5      | Reached skill level 5 in Throwing
  5303 | D:4      | Reached skill level 5 in Dodging
  5303 | D:4      | Reached XP level 8. HP: 45/56 MP: 8/8
  5538 | D:5      | Gained mutation: You are weak. (Str -2) [mutagenic glow]
  5748 | D:5      | Reached skill level 9 in Stealth
  5886 | D:5      | Gained mutation: Potions and wands are less effective at restoring your health. [mutagenic glow]
  5915 | D:5      | Gained mutation: You tend to lose your temper in combat. [mutagenic glow]
  6291 | D:5      | Found Lobuatem's Antique Weapon Shop.
  6335 | D:5      | Noticed Menkaure
  6342 | D:5      | Killed Menkaure
  7961 | D:6      | Reached XP level 9. HP: 62/62 MP: 9/9
  8007 | D:6      | Found a deep blue altar of Sif Muna.
  8329 | D:6      | Found a glowing golden altar of the Shining One.
  8504 | D:6      | Lost mutation: You are weak. (Str -2) [potion of cure mutation]
  8504 | D:6      | Lost mutation: Potions and wands are less effective at restoring your health. [potion of cure mutation]
  8504 | D:6      | Lost mutation: You tend to lose your temper in combat. [potion of cure mutation]
  8533 | D:7      | Noticed an ice statue
  8779 | D:7      | HP: 2/62 [killer bee (5)]
  8782 | D:6      | Slain by a killer bee

Action                   |  1- 3 |  4- 6 |  7- 9 || total
-------------------------+-------+-------+-------++-------
Melee: Dagger            |    75 |   204 |   425 ||   704
       Scythe            |       |       |     1 ||     1
 Fire: Blowgun           |    70 |    96 |   100 ||   266
Throw: Tomahawk          |       |     2 |    10 ||    12
  Use: Potion            |     8 |    17 |    23 ||    48
       Scroll            |       |     3 |     9 ||    12
 Stab: Sleeping          |    12 |    20 |    12 ||    44
       Distracted        |     1 |     4 |     2 ||     7
       Invisible         |       |       |     1 ||     1
